 Dungeon Crawl Stone Soup version 0.28-a0-589-g333b8329f1 (webtiles) character file.

Game seed: 16803138994451218593

5006 lawman0 the Archer (level 10, -4/54 HPs)
             Began as a Deep Elf Arcane Marksman on Oct 4, 2021.
             Was an Elder of Okawaru.
             Slain by a boulder beetle (54 damage)
             ... on level 7 of the Dungeon.
             The game lasted 00:16:23 (8000 turns).

lawman0 the Archer (Deep Elf Arcane Marksman)       Turns: 8000, Time: 00:16:24

Health: -4/54      AC: 10    Str:  9    XL:     10   Next: 29%
Magic:  14/20      EV: 28    Int: 20    God:    Okawaru [****..]
Gold:   1178       SH:  0    Dex: 17    Spells: 7/19 levels left

rFire   . . .      SeeInvis .   a - +8 storm bow {elec, penet}
rCold   + + +      Faith    .   (shield currently unavailable)
rNeg    . . .      Spirit   .   w - +2 robe "Naobb" {rElec rC+++ Regen+ Dex-4}
rPois   .          Reflect  .   k - +1 helmet
rElec   +          Harm     .   C - scarf {repulsion}
rCorr   .          Rampage  .   (no gloves)
Will    +....                   (no boots)
Stlth   ++........              A - amulet of the acrobat
HPRegen 1.18/turn               e - +4 ring of protection
MPRegen 0.17/turn               B - +6 ring of dexterity

@: acrobatic, repel missiles
A: no striking features
a: Renounce Religion, Heroism, Finesse


You were on level 7 of the Dungeon.
You worshipped Okawaru.
Okawaru was greatly pleased with you.
You visited 2 branches of the dungeon, and saw 8 of its levels.

You collected 1178 gold pieces.

Inventory:

Hand Weapons
 a - the +8 storm bow (weapon) {elec, penet}
   (You acquired it on level 3 of the Dungeon)

   Any ammunition fired from it occasionally discharges a powerful burst of
   electricity upon striking a foe.
   Any ammunition fired by it passes through the targets it hits, potentially
   hitting all targets in its path until it reaches maximum range.
 b - a +2 short sword of electrocution
 d - a +4 dagger
Missiles
 c - 29 poisoned darts
 j - 137 arrows (quivered ammo)
Armour
 k - a +1 helmet (worn)
 w - the +2 robe "Naobb" (worn) {rElec rC+++ Regen+ Dex-4}
   (You found it on level 5 of the Dungeon)

   Dex:       It affects your dexterity (-4).
   rC:        It renders you almost immune to cold.
   rElec:     It insulates you from electricity.
   Regen:     It increases your rate of health regeneration.
 C - a scarf of repulsion (worn)
Magical Staves
 v - a staff of air
Jewellery
 e - a +4 ring of protection (left hand)
 r - a ring of positive energy
 A - an amulet of the acrobat (around neck)
 B - a +6 ring of dexterity (right hand)
Scrolls
 h - 2 scrolls of enchant armour
 i - 2 scrolls of fear {unknown}
 m - 4 scrolls of amnesia
 p - 3 scrolls of teleportation {unknown}
 q - a scroll of holy word {unknown}
 s - 2 scrolls of vulnerability
 x - 2 scrolls of silence
 y - a scroll of fog {unknown}
 D - a scroll of brand weapon {unknown}
Potions
 f - 4 potions of curing
 g - 2 potions of brilliance
 l - a potion of invisibility
 o - a potion of haste
 t - a potion of mutation {unknown}
 u - 5 potions of degeneration {unknown}
 z - a potion of flight {unknown}


   Skills:
 + Level 2.6 Fighting
 * Level 14.3 Bows
 + Level 1.1 Throwing
 + Level 2.2 Armour
 + Level 3.6 Dodging
 + Level 2.0 Stealth
 + Level 5.3 Spellcasting
 * Level 8.8 Hexes
 * Level 5.7 Translocations


You had 7 spell levels left.
You knew the following spells:

 Your Spells              Type           Power      Damage    Failure   Level
a - Slow                  Hex            40%        N/A       1%          2
b - Portal Projectile     Hex/Tloc       68%        N/A       1%          3
c - Inner Flame           Hex/Fire       23%        N/A       5%          3
d - Cause Fear            Hex            20%        N/A       3%          4

Your spell library contained the following spells:

 Spells                   Type           Power      Damage    Failure   Level
 Sublimation of Blood     Necr           2%         N/A       17%         2
 Wereblood                Tmut           5%         N/A       17%         2
 Summon Hydra             Summ           Unusable   N/A       N/A         7

Dungeon Overview and Level Annotations

Branches:
Dungeon (7/15)             Temple (1/1) D:4

Altars:
Cheibriados
Dithmenos
Elyvilon
Fedhas
Gozag
Hepliaklqana
Kikubaaqudgha
Makhleb
Nemelex Xobeh
Okawaru
Qazlal
Ru
Trog
Vehumet
Wu Jian
Xom
Yredelemnul
Zin
The Shining One


Message History

The boulder beetle hits you!!
The boulder beetle stops rolling and uncurls.
Casting: Slow (safe; 1% risk of failure)
Confirm with . or Enter, or press ? or * to list all spells.
Aiming: Slow (safe; 1% risk of failure)
Press: ? - help, Shift-Dir - straight line, f/p - boulder beetle
Aim: a boulder beetle (moderately wounded, chance to affect: 61%)
The boulder beetle seems to slow down.
The boulder beetle barely misses you.
Unknown command.
Unknown command.
The boulder beetle leaps!
You magically shoot an arrow.
The arrow pierces through the boulder beetle but does no damage.
The boulder beetle is moderately wounded.
You magically shoot an arrow.
The arrow pierces through the boulder beetle but does no damage.
Lightning courses through the boulder beetle!
The boulder beetle is heavily wounded.
No target in view!
You are no longer teleporting projectiles to their destination.
You shoot an arrow. The acid dragon roars!
The arrow pierces through the boulder beetle!
The boulder beetle is heavily wounded.
You shoot an arrow.
The arrow barely misses the boulder beetle.
You shoot an arrow.
The arrow pierces through the boulder beetle.
The boulder beetle is severely wounded.
The acid dragon spits acid at you. The splash of acid misses you.
The boulder beetle curls into a ball and begins rolling!
You shoot an arrow.
The arrow pierces through the boulder beetle but does no damage.
Lightning courses through the boulder beetle!
The boulder beetle is almost dead.
Unknown command.
The boulder beetle hits you!!!
Ouch! That really hurt!
You die...

...........[.........###....
............)............##.
>............#.........#.#..
....................##...<.#
.........(..)###....#.......
.........(.....#.#..#.##....
...#...............(..)....
..##..#..............)....
#...#(.##@..##..(...<.(...
###.##(○B......#.###.##...
#.####...D...#.# #......
#.......#<...#.####B....
#########...........##..
#.....###..###..
#.....####......
#......####.....
#....#.........#


You could see a boulder beetle (rolling, slow) and an acid dragon.

Vanquished Creatures
  Pikel (D:5)
  The ghost of ytrimaz the Martial Artist, a novice DsMo of Wu Jian (D:6)
  The ghost of hgbash the Magician, a novice DjCj (D:6)
  The ghost of demibob the Spear-Bearer, a novice MfGl of Okawaru (D:6)
  The ghost of bande the Chopper, a novice GrFi (D:6)
  Maggie (D:6)
  Prince Ribbit (D:5)
  Sigmund (D:2)
  A hornet zombie (D:6)
  An ice beast (D:6)
  5 necrophages
  5 ogres
  2 centaurs (D:7)
  2 lemures (D:5)
  A kobold brigand (D:6)
  2 bullfrogs
  5 scorpions
  A water moccasin skeleton (D:7)
  A centaur zombie (D:4)
  A bullfrog zombie (D:5)
  2 bullfrog skeletons
  3 jellies
  A hound (D:6)
  2 gnoll shamans
  Jessica (D:2)
  4 iguanas
  An orc wizard (D:5)
  11 gnolls
  3 adders
  A white imp (D:6)
  An ufetubus (D:5)
  A worm (D:3)
  13 orcs
  3 ball pythons
  7 endoplasms
  4 giant cockroaches
  3 goblins
  5 hobgoblins
  8 jackals
  2 quokkas
  5 bats
  4 frilled lizards
  12 kobolds
  5 rats
  A spectral goblin (D:3)
138 creatures vanquished.

Notes
Turn   | Place    | Note
-------+----------+-------------------------------------------
     0 | D:1      | lawman0 the Deep Elf Arcane Marksman began the quest for
                  | the Orb.
     0 | D:1      | Reached XP level 1. HP: 11/11 MP: 5/5
   316 | D:1      | Reached skill level 3 in Bows
   404 | D:1      | Reached XP level 2. HP: 16/16 MP: 6/6
   407 | D:1      | Learned a level 2 spell: Slow
  1322 | D:2      | Reached XP level 3. HP: 20/20 MP: 7/7
  1386 | D:2      | Noticed Sigmund
  1408 | D:2      | Killed Sigmund
  1409 | D:2      | Reached skill level 1 in Fighting
  1409 | D:2      | Reached skill level 6 in Bows
  1409 | D:2      | Reached skill level 5 in Hexes
  1409 | D:2      | Reached XP level 4. HP: 15/25 MP: 8/8
  1409 | D:2      | Reached XP level 5. HP: 18/29 MP: 9/9
  1642 | D:2      | Noticed Jessica
  1646 | D:2      | Killed Jessica
  1651 | D:2      | Learned a level 3 spell: Portal Projectile
  2305 | D:3      | Identified a scroll of acquirement
  2308 | D:3      | Acquired 840 gold pieces
  2761 | D:3      | Found a faded altar of an unknown god.
  2813 | D:3      | Reached XP level 6. HP: 32/34 MP: 7/10
  3011 | D:3      | Reached skill level 7 in Bows
  3375 | D:3      | Acquired the +8 storm bow {elec, penet}
  3375 | D:3      | Found the +8 storm bow {elec, penet}
  4089 | D:4      | Reached skill level 1 in Stealth
  4089 | D:4      | Reached skill level 1 in Translocations
  4232 | D:4      | Reached skill level 1 in Throwing
  4232 | D:4      | Reached XP level 7. HP: 38/38 MP: 12/12
  4431 | D:4      | Found a staircase to the Ecumenical Temple.
  4455 | Temple   | Entered the Ecumenical Temple
  4463 | Temple   | Became a worshipper of Warmaster Okawaru
  4698 | D:4      | Learned a level 3 spell: Inner Flame
  5180 | D:4      | Reached skill level 1 in Armour
  5279 | D:5      | Entered Level 5 of the Dungeon
  5376 | D:5      | Reached skill level 8 in Bows
  5398 | D:5      | Reached * piety under Okawaru
  5521 | D:5      | Noticed Prince Ribbit
  5533 | D:5      | Killed Prince Ribbit
  5534 | D:5      | Reached XP level 8. HP: 28/43 MP: 12/14
  5651 | D:5      | Noticed Pikel
  5654 | D:5      | Killed Pikel
  5655 | D:5      | Reached skill level 9 in Bows
  5848 | D:5      | Reached skill level 10 in Bows
  5909 | D:5      | Reached ** piety under Okawaru
  5915 | D:5      | Learned a level 4 spell: Cause Fear
  6216 | D:5      | Found a burning altar of Makhleb.
  6296 | D:5      | Identified the +2 robe "Naobb" {rElec rC+++ Regen+ Dex-4}
  6599 | D:6      | Reached XP level 9. HP: 48/48 MP: 14/17
  6686 | D:6      | Reached skill level 11 in Bows
  6845 | D:6      | Found a runed translucent gate.
  6845 | D:6      | Found a runed translucent gate.
  6845 | D:6      | Found a runed translucent gate.
  6967 | D:6      | Noticed bande's ghost (novice GrFi)
  6967 | D:6      | Noticed demibob's ghost (novice MfGl)
  6968 | D:6      | Noticed hgbash's ghost (novice DjCj)
  6968 | D:6      | Noticed ytrimaz's ghost (novice DsMo)
  7143 | D:6      | Reached *** piety under Okawaru
  7144 | D:6      | Reached skill level 12 in Bows
  7202 | D:6      | Noticed Maggie
  7209 | D:6      | Killed Maggie
  7504 | D:6      | Killed ytrimaz's ghost
  7504 | D:6      | Received a gift from Okawaru
  7505 | D:6      | Reached skill level 13 in Bows
  7505 | D:6      | Reached skill level 5 in Translocations
  7507 | D:6      | Killed demibob's ghost
  7507 | D:6      | Received a gift from Okawaru
  7508 | D:6      | Reached skill level 5 in Spellcasting
  7511 | D:6      | Killed bande's ghost
  7511 | D:6      | Reached **** piety under Okawaru
  7512 | D:6      | Reached XP level 10. HP: 43/54 MP: 17/19
  7512 | D:6      | Killed hgbash's ghost
  7512 | D:6      | Received a gift from Okawaru
  7624 | D:7      | Reached skill level 14 in Bows
  7775 | D:7      | Noticed a boulder beetle
  8000 | D:7      | Slain by a boulder beetle

Illustrated notes

Levels and vault maps discovered:
D:1:      dpeg_arrival_signposts, layout_basic
D:2:      layout_basic, uniq_jessica, uniq_sigmund
D:3:      layout_basic, serial_co_window_serial, co_window_of_opportunity_a,
          co_window_corner_a, co_window_paths_a, co_window_corner_a,
          co_window_corner_a, co_window_corner_a, co_window_paths_b,
          co_window_of_opportunity_a, co_window_corner_a, co_window_cross_4,
          co_window_paths_c, co_window_corner_b, co_window_broadway_b,
          co_window_paths_c, glass_columns_b, glass_columns_a,
          dreamdust_ecumenical_altar_drowned_temple
D:4:      layout_basic, minmay_temple_entry_nine_rooms
D:5:      layout_loops_ring, nicolae_overflow_crystal_walls,
          uniq_prince_ribbit1, uniq_pikel
D:6:      cheibrodos_thug_alley, layout_loops_ring, gammafunk_ghost_cemetery,
          uniq_maggie
D:7:      layout_rooms
Temple:   nicolae_temple_no_exploring_needed

Skill      XL: |  1  2  3  4  5  6  7  8  9 10 |
---------------+-------------------------------+-----
Bows           | 3 6 7 8 10 13 14 | 14.3
Fighting       | 1 2 |  2.6
Hexes          | 5 6 7 8 |  8.8
Spellcasting   | 2 3 4 5 |  5.3
Dodging        | 3 |  3.6
Stealth        | 1 2 |  2.0
Translocations | 1 2 3 5 |  5.7
Throwing       | 1 |  1.1
Armour         | 1 2 |  2.2

Action                   |  1- 3 |  4- 6 |  7- 9 | 10-12 || total
-------------------------+-------+-------+-------+-------++-------
Melee: Dagger            |       |    32 |       |       ||    32
       Short sword       |       |    11 |    30 |       ||    41
 Fire: Shortbow          |    69 |    80 |       |       ||   149
       Longbow           |       |     4 |   145 |    39 ||   188
Throw: Dart              |       |    18 |     1 |       ||    19
 Cast: Slow              |     1 |    24 |    23 |     2 ||    50
       Cause Fear        |       |       |       |     1 ||     1
       Portal Projectile |       |       |       |     1 ||     1
  Use: Scroll            |       |     6 |     4 |     2 ||    12
       Potion            |       |     1 |     1 |     1 ||     3
 Stab: Sleeping          |       |     1 |       |       ||     1
Armor: Robe              |     2 |     1 |    11 |     6 ||    20
       Leather armour    |       |     9 |     6 |       ||    15
Dodge: Dodged            |    13 |    33 |    42 |    23 ||   111

Table legend: (Time is in decaauts)
 A = Elapsed time spent in this place.
 B = Non-inter-level travel time spent in this place.
 C = Inter-level travel time spent in this place.
 D = Time resting spent in this place.
 E = Time spent auto-exploring this place.
 F = Levels seen in this place.
 G = Mean time per level.
                   A        B        C        D        E       F      G
               +--------+--------+--------+--------+--------+-----+--------+
         Total |   8013 |   7642 |    371 |    607 |   5609 |   8 | 1001.6 |
       Dungeon |   7995 |   7624 |    371 |    607 |   5609 |   7 | 1142.1 |
        Temple |     17 |     17 |      0 |      0 |      0 |   1 |   17.0 |
               +--------+--------+--------+--------+--------+-----+--------+

Top non-repeatable levels by time:
     D:3: 1578 daAuts
     D:4: 1387 daAuts
     D:5: 1255 daAuts
     D:2: 1231 daAuts
     D:6: 1211 daAuts
     D:1: 1079 daAuts
     D:7: 251 daAuts
  Temple: 17 daAuts
